 Dungeon Crawl Stone Soup version 0.26-a0-958-gf3041fb45f (webtiles) character file.

Game seed: 2769753489786648579

11223 strifetoe the Cleaver (level 11, 0/104 HPs)
             Began as a Deep Dwarf Artificer on Dec 1, 2020.
             Was an Elder of Makhleb.
             Killed from afar by a fire dragon (40 damage)
             ... with a blast of flame
             ... on level 10 of the Dungeon.
             The game lasted 00:23:30 (11401 turns).

strifetoe the Cleaver (Deep Dwarf Artificer)       Turns: 11401, Time: 00:23:31

Health: 0/104      AC: 13    Str: 19    XL:     11   Next: 46%
Magic:  13/13      EV: 11    Int: 12    God:    Makhleb [****..]
Gold:   804        SH:  5    Dex: 13    Spells: 10/10 levels left

rFire    . . .     SeeInvis +   t - +7 war axe
rCold    . . .     Faith    .   r - +0 buckler
rNeg     . . .     Spirit   .   B - quicksilver dragon scales
rPois    .         Reflect  .   v - +1 helmet
rElec    .         Harm     .   n - +0 cloak
rCorr    .         Rampage  .   (no gloves)
MR       ++...                  (no boots)
Stlth    +.........             (no amulet)
HPRegen  0.00/turn              q - ring of see invisible
MPRegen  0.13/turn              w - ring of flight

@: non-regenerating
A: damage resistance, heal wounds, sense surroundings 2, no regeneration
a: Heal Wounds, Minor Destruction, Lesser Servant of Makhleb, Major Destruction,
Renounce Religion, Evoke Flight


You were on level 10 of the Dungeon.
You worshipped Makhleb.
Makhleb was greatly pleased with you.
You visited 2 branches of the dungeon, and saw 12 of its levels.
You also visited: Bailey.

You collected 804 gold pieces.

Inventory:

Hand Weapons
 f - a +1 dagger of electrocution
 t - a +7 war axe (weapon)
 y - a +2 short sword of venom
 E - a +0 morningstar
 H - a +2 battleaxe of freezing
Armour
 n - a +0 cloak (worn)
 r - a +0 buckler (worn)
 v - a +1 helmet (worn)
 A - a +4 ring mail of cold resistance
 B - quicksilver dragon scales (worn)
 M - the +2 ring mail of Bonyost {rElec rPois, unknown}
   (You found it on level 8 of the Dungeon)

   It insulates you from electricity.
   It protects you from poison.
Jewellery
 k - an uncursed ring of positive energy
 q - a ring of see invisible (left hand)
 w - a ring of flight (right hand)
Wands
 c - a wand of flame (31) (quivered)
 d - a wand of enslavement (5)
 e - a wand of random effects (18)
 m - a wand of disintegration (9)
 I - a wand of digging (8)
Scrolls
 a - a scroll of fear
 h - 2 scrolls of blinking
 s - 2 scrolls of identify
 u - 6 scrolls of teleportation
 x - 4 scrolls of remove curse
 D - a scroll of enchant armour
 F - a scroll of fog
 G - 3 scrolls of magic mapping
Potions
 b - a potion of ambrosia
 i - 2 potions of heal wounds
 j - a potion of invisibility
 l - 2 potions of haste
 o - a potion of flight
 p - 3 potions of attraction
 C - 4 potions of curing
 J - a potion of resistance


   Skills:
 + Level 8.4 Fighting
 - Level 11.6(12.1) Axes
 - Level 5.0(8.6) Maces & Flails
 - Level 2.1 Armour
 - Level 1.1 Dodging
 - Level 1.2 Stealth
 - Level 4.7 Shields
 - Level 10.0 Invocations
 - Level 8.0 Evocations


You had 10 spell levels left.
You didn't know any spells.
Your spell library contained the following spells:

 Spells                   Type           Power        Failure   Level
 Shock                    Conj/Air       #...         50%         1
 Swiftness                Air            #.......     63%         2
 Static Discharge         Conj/Air       #.......     86%         3
 Airstrike                Air            #.........   99%         4
 Irradiate                Conj/Tmut      #.........   100%        5
 Lightning Bolt           Conj/Air       #.........   100%        5
 Hydra Form               Tmut           #.........   100%        6
 Statue Form              Tmut/Erth      #........    100%        6
 Dragon Form              Tmut           #.........   100%        7


Dungeon Overview and Level Annotations

Branches:
Dungeon (11/15)            Temple (1/1) D:6            Lair (0/6) D:10
 Bailey (visited)
    Orc: D:9-12

Altars:
Ashenzari
Cheibriados
Dithmenos
Elyvilon
Fedhas
Gozag
Hepliaklqana
Kikubaaqudgha
Makhleb
Nemelex Xobeh
Okawaru
Qazlal
Ru
Sif Muna
Trog
Uskayaw
Vehumet
Wu Jian
Xom
Yredelemnul
Zin
The Shining One

Shops:
D:8 [

Portals:
Trove: D:10 (give 5 scrolls of blinking)

Annotations:
D:3 1 runed translucent door
D:4 2 transporters, exclusion: downstairs
D:10 1 runed translucent door


Innate Abilities, Weirdness & Mutations

You are resistant to damage.
You can heal yourself by infusing magical energy.
You passively map the area around you.
You do not regenerate.


Message History

A demon appears!
You can no longer summon a greater servant of Makhleb.
A demon appears!
A demon appears!
Unknown command.
You open the door. The fire dragon breathes flames at you.
The blast of flame hits the fire dragon.
The fire dragon resists.
The blast of flame hits you!!!
Your ynoxinul hits the fire dragon.
The fire dragon bites your hellwing but does no damage.
The fire dragon claws your hellwing but does no damage.
The fire dragon tramples your hellwing but does no damage.
Your hellwing hits the fire dragon!
Your hellwing barely misses the fire dragon.
Unknown command.
You swap places.
The fire dragon breathes flames at you. The blast of flame hits your neqoxec!!
The blast of flame hits you!!!
You die...

..............#≈≈#DD.D#..#
#####.........#≈≈#..⌠.#..#
>.............####....#.##
..............#...[...#.#
..............#....####.#
.............)#.⌠..#≈§#.#
...#........).#.DDD#≈§#.###
...#.........[####D####..<#
.............[[.@343....###
..P♣.##.#################
...P.##.# .....##.#
.♣.P....# ...###########
..P..........#
.P...........#
.............#


You could see a fire dragon (catching breath), 2 ice dragons, a friendly
hellwing (summoned), a friendly neqoxec (summoned) and a friendly ynoxinul
(summoned).

Vanquished Creatures
  A vault guard (D:10)
  Erica (D:9)
  Psyche (D:10)
  A gargoyle (D:10)
  2 trolls
  Sigmund (D:3)
  4 wyverns
  8 yaks (D:10)
  A basilisk (D:10)
  Duvessa (D:4)
  5 water moccasins
  9 orc warriors
  3 sky beasts
  3 black bears
  An ice beast (D:7)
  A phantom (D:5)
  7 ogres
  2 centaurs
  3 big kobolds
  2 bullfrogs (D:9)
  5 scorpions
  6 killer bees (D:11)
  13 wights
  A howler monkey (D:9)
  A bullfrog zombie (D:9)
  A quasit (D:8)
  6 hounds
  2 jellies
  12 orc wizards
  Crazy Yiuf (D:5)
  3 bullfrog skeletons
  4 centaur skeletons
  10 orc priests
  A gnoll shaman (D:7)
  Natasha (thrice) (D:2)
  4 worker ants
  A howler monkey zombie (D:10)
  A worker ant zombie (D:6)
  Robin (D:3)
  6 gnolls
  17 adders
  7 white imps
  An ufetubus (D:6)
  2 adder skeletons
  6 worms
  A dart slug (D:2)
  6 leopard geckos
  50 orcs
  13 bats
  9 giant cockroaches
  25 goblins
  7 hobgoblins
  10 jackals
  A quokka (D:3)
  A ball python (D:3)
  6 frilled lizards
  A jackal zombie (D:3)
  37 kobolds
  10 rats
349 creatures vanquished.

Vanquished Creatures (collateral kills)
  The ghost of Frask the Slicer, a novice MiFi of Okawaru (D:6)
  An orc warrior (Bailey)
  Dowan (D:4)
  A hobgoblin (Bailey)
  A kobold (Bailey)
5 creatures vanquished.

Vanquished Creatures (others)
  A bush (D:10)
  5 fungi (D:10)
  11 plants (D:10)
17 creatures vanquished.

Grand Total: 371 creatures vanquished

Notes
Turn   | Place    | Note
-------+----------+-------------------------------------------
     0 | D:1      | strifetoe the Deep Dwarf Artificer began the quest for the
                  | Orb.
     0 | D:1      | Reached XP level 1. HP: 16/16 MP: 1/1
   106 | D:1      | Reached skill level 1 in Maces & Flails
   152 | D:1      | Reached XP level 2. HP: 22/24 MP: 2/2
   869 | D:2      | Reached XP level 3. HP: 14/30 MP: 3/3
  1642 | D:2      | Found an iron altar of Okawaru.
  1677 | D:2      | Reached XP level 4. HP: 17/37 MP: 4/4
  1783 | D:2      | Noticed Natasha
  1805 | D:2      | Killed Natasha
  2416 | D:2      | Noticed Natasha
  2427 | D:2      | Killed Natasha
  2428 | D:2      | Reached skill level 5 in Evocations
  2440 | D:2      | Noticed Natasha
  2453 | D:2      | Killed Natasha
  2454 | D:2      | Reached XP level 5. HP: 34/43 MP: 4/4
  2557 | D:3      | Found a runed translucent door.
  2557 | D:3      | Noticed a human
  2566 | D:3      | Found a basalt altar of Yredelemnul.
  2643 | D:3      | Found a shimmering altar of Xom.
  2645 | D:3      | Found a shimmering altar of Xom.
  2645 | D:3      | Found a shimmering altar of Xom.
  2645 | D:3      | Noticed Sigmund
  2649 | D:3      | Killed Sigmund
  2650 | D:3      | Reached XP level 6. HP: 37/50 MP: 5/5
  3203 | D:4      | Found a transporter.
  3297 | D:4      | Noticed Robin
  3566 | D:3      | Killed Robin
  3714 | D:4      | Reached XP level 7. HP: 34/56 MP: 6/6
  3830 | D:4      | Noticed a -2 hand axe
  3830 | D:4      | Noticed a +0 hand axe
  3831 | D:4      | Found a hide-covered altar of Uskayaw.
  3839 | D:4      | Found a transporter.
  4057 | D:4      | Noticed Dowan
  4058 | D:4      | Noticed Duvessa
  4077 | D:4      | Killed Dowan
  4100 | D:4      | Killed Duvessa
  4650 | D:5      | Entered Level 5 of the Dungeon
  4766 | D:5      | Found a glowing silver altar of Zin.
  4816 | D:5      | Found a runed translucent door.
  4817 | D:5      | Noticed Crazy Yiuf
  4825 | D:5      | Killed Crazy Yiuf
  4826 | D:5      | Reached XP level 8. HP: 70/72 MP: 7/7
  4870 | D:5      | Found a snail-covered altar of Cheibriados.
  5328 | D:5      | Found a sparkling altar of Nemelex Xobeh.
  5795 | D:6      | Noticed a troll
  5796 | D:6      | Noticed Frask's ghost (novice MiFi)
  5797 | D:6      | Found a transporter.
  5876 | D:6      | Found a burning altar of Makhleb.
  5888 | D:6      | Found a shadowy altar of Dithmenos.
  5976 | D:6      | Found a staircase to the Ecumenical Temple.
  5990 | Temple   | Entered the Ecumenical Temple
  6082 | D:6      | Found a transporter.
  6113 | D:6      | Became a worshipper of Makhleb the Destroyer
  6732 | D:7      | Reached skill level 5 in Maces & Flails
  6732 | D:7      | Reached skill level 1 in Invocations
  6754 | D:7      | Reached skill level 1 in Axes
  6876 | D:7      | Reached skill level 2 in Axes
  7230 | D:7      | Reached skill level 3 in Axes
  7301 | D:7      | Reached skill level 4 in Axes
  7301 | D:7      | Reached skill level 5 in Invocations
  7416 | D:7      | Found an ancient bone altar of Kikubaaqudgha.
  7449 | D:7      | Found a white marble altar of Elyvilon.
  7946 | D:8      | Gained mutation: You passively map the area around you.
                  | [Deep Dwarf growth]
  7946 | D:8      | Reached XP level 9. HP: 65/78 MP: 10/10
  7950 | D:8      | Reached skill level 5 in Axes
  7961 | D:8      | Reached * piety under Makhleb
  8009 | D:8      | Found a flagged portal.
  8041 | Bailey   | Entered a bailey
  8050 | Bailey   | Noticed an orc knight
  8106 | Bailey   | Got a slimy long sword
  8110 | Bailey   | Identified the cursed +2 long sword of the Screaming Puffin
                  | {freeze, rElec Int+6} (You found it in a bailey)
  8152 | Bailey   | Reached skill level 6 in Axes
  8215 | Bailey   | Identified the +0 leather armour "Woblouk" {rN+ rCorr}
  8244 | Bailey   | Reached skill level 7 in Axes
  8373 | D:8      | Found Xuohytt's Armour Shoppe.
  8634 | D:8      | Reached skill level 8 in Axes
  8663 | D:8      | Found a glowing golden altar of the Shining One.
  8735 | D:8      | Reached ** piety under Makhleb
  8938 | D:8      | Reached skill level 9 in Axes
  8956 | D:8      | Got a masterwork ring mail
  9059 | D:8      | Found a broken altar of Ashenzari.
  9324 | D:6      | Killed Frask's ghost
  9327 | D:6      | Reached skill level 10 in Axes
  9339 | D:6      | Killed a troll
  9340 | D:6      | Reached XP level 10. HP: 42/86 MP: 10/10
  9638 | D:9      | Noticed Erica
  9665 | D:9      | Killed Erica
  9666 | D:9      | Reached skill level 11 in Axes
 10011 | D:10     | Entered Level 10 of the Dungeon
 10011 | D:10     | Found the +2 shield of Resistance {rF++ rC++ MR++}
 10011 | D:10     | Noticed a fire dragon
 10012 | D:10     | Noticed an ice dragon
 10020 | D:10     | Noticed a fire dragon
 10021 | D:10     | Noticed an ice dragon
 10022 | D:10     | Found a runed translucent door.
 10052 | D:10     | Found a runed translucent door.
 10081 | D:10     | Reached skill level 5 in Fighting
 10247 | D:10     | Found a staircase to the Lair.
 10253 | D:10     | Noticed a gargoyle
 10262 | D:10     | Killed a gargoyle
 10263 | D:10     | Reached XP level 11. HP: 62/99 MP: 13/13
 10329 | D:10     | Reached *** piety under Makhleb
 10371 | D:10     | Identified the +2 ring mail of Sowkum {rC++ Dex+3}
 10518 | D:10     | Noticed Psyche
 10522 | D:10     | Killed Psyche
 10624 | D:10     | Noticed a vault guard
 10647 | D:10     | HP: 5/100 [vault guard/+0 dire flail (12)]
 10658 | D:10     | Killed a vault guard
 10667 | D:10     | Found a portal to a secret trove of treasure.
 10889 | D:10     | Reached skill level 10 in Invocations
 10910 | D:10     | Reached **** piety under Makhleb
 11229 | D:11     | Reached ***** piety under Makhleb
 11401 | D:10     | Killed from afar by a fire dragon

Illustrated notes

Levels and vault maps discovered:
D:1:      tarquinn_simple_flora_water_d, layout_loops_cross
D:2:      layout_basic, lemuel_crystal_altar, kennysheep_pointless_box,
          uniq_natasha
D:3:      layout_loops_ring, xom_redecorated, dk_yredelemnul_ordeal,
          uniq_sigmund
D:4:      gammafunk_wand_slinger, layout_gridville, dancing_weapons_uskayaw,
          minmay_crossroads, uniq_duvessa, uniq_robin
D:5:      layout_cave_pools, zin_statuary, nemelex_xobeh_ov_fountains_minmay,
          overflow_temple_1_default, minmay_fractal_squares_5,
          uniq_crazy_yiuf_cottage
D:6:      layout_loops_corners, amethyst_overflow_temple_binary,
          minmay_temple_entry_waves, gammafunk_ghost_arena
D:7:      layout_layer_cave, overflow_temple_1_default, lemuel_doored_altar
D:8:      layout_loops_corners, ashenzari_conservatory_becter,
          nicolae_tso_swordbearing_angel, serial_shops, shop, enter_bailey_5,
          minivault_10
D:9:      layout_gridville, uniq_erica
D:10:     old_forge, layout_basic, minmay_lair_entry_grove, enter_trove_5,
          minmay_guarded_unrand_resistance, uniq_psyche
D:11:     layout_layer_cave, serial_shops, shop, special_room
          [special_room_orc], moated_statue, centaur_isle
Temple:   cyrus_temple_forest

Skill      XL: |  1  2  3  4  5  6  7  8  9 10 11 |
---------------+----------------------------------+-----
Maces & Flails | 1 2 3 4 5 |  5.0
Evocations     | 5 6 7 8 |  8.0
Shields        | 2 3 4 |  4.7
Fighting       | 3 4 6 8 |  8.4
Invocations    | 5 8 10 | 10.0
Axes           | 4 10 11 | 11.6
Armour         | |  2.1
Dodging        | |  1.1
Stealth        | |  1.2

Action                   |  1- 3 |  4- 6 |  7- 9 | 10-12 || total
-------------------------+-------+-------+-------+-------++-------
Melee: Club              |    17 |       |       |       ||    17
       Dagger            |   128 |   251 |   200 |       ||   579
       Morningstar       |       |       |    97 |       ||    97
       Short sword       |       |       |    10 |       ||    10
       War axe           |       |       |   200 |   404 ||   604
Invok: Lesser Servant of |       |       |       |     3 ||     3
 Abil: Heal Wounds       |     1 |     3 |    11 |    14 ||    29
       Evoke Flight      |       |       |     1 |       ||     1
Evoke: Wand              |       |    11 |    29 |    15 ||    55
  Use: Scroll            |     5 |     1 |    19 |     1 ||    26
 Stab: Sleeping          |     3 |       |       |       ||     3
Armor: Leather armour    |    10 |       |       |       ||    10
       Ring mail         |    29 |    92 |    72 |       ||   193
       Quicksilver drago |       |       |   170 |   139 ||   309
Dodge: Dodged            |    78 |   157 |   332 |   181 ||   748
Block: Buckler           |       |    12 |   126 |    82 ||   220

Table legend: (Time is in decaauts)
 A = Elapsed time spent in this place.
 B = Non-inter-level travel time spent in this place.
 C = Inter-level travel time spent in this place.
 D = Time resting spent in this place.
 E = Time spent auto-exploring this place.
 F = Levels seen in this place.
 G = Mean time per level.
                   A        B        C        D        E       F      G
               +--------+--------+--------+--------+--------+-----+--------+
         Total |  11446 |  10939 |    507 |   2177 |   5402 |  13 |  880.5 |
       Dungeon |  11089 |  10614 |    475 |   2177 |   5379 |  11 | 1008.1 |
        Temple |     82 |     50 |     32 |      0 |     23 |   1 |   82.0 |
        Bailey |    274 |    274 |      0 |      0 |      0 |   1 |  274.0 |
               +--------+--------+--------+--------+--------+-----+--------+

Top non-repeatable levels by time:
     D:2: 1656 daAuts
     D:4: 1561 daAuts
     D:7: 1304 daAuts
     D:6: 1241 daAuts
    D:10: 1062 daAuts
     D:8: 1032 daAuts
     D:3: 1003 daAuts
     D:1: 866 daAuts
     D:9: 645 daAuts
     D:5: 425 daAuts
    D:11: 289 daAuts
  Bailey: 274 daAuts
  Temple: 82 daAuts
